 Dungeon Crawl Stone Soup version 0.29-a0-323-g050149af67 (webtiles) character file.

Game seed: 18980810782741187

77 Iscandelvey the Firebug (level 4, 23/30 HPs)
             Began as a Demonspawn Fire Elementalist on Apr 12, 2022.
             Quit the game on level 3 of the Dungeon.
             The game lasted 00:07:29 (2439 turns).

Iscandelvey the Firebug (DsFE)                      Turns: 2439, Time: 00:07:29

Health: 23/30      AC:  3    Str:  8    XL:     4   Next: 14%
Magic:  2/7        EV: 12    Int: 18    God:
Gold:   88         SH:  0    Dex: 14    Spells: 2/8 levels left

rFire   . . .      SeeInvis .   f - +0 spear (venom)
rCold   . . .      Faith    .   (no shield)
rNeg    . . .      Spirit   .   a - +0 robe
rPois   .          Reflect  .   e - +0 helmet
rElec   .          Harm     .   (no cloak)
rCorr   .          Rampage  .   (no gloves)
Will    +....      Archmagi +   (no boots)
Stlth   ++........              (no amulet)
HPRegen 0.10/turn               k - ring of the Mage {Wiz Archmagi}
MPRegen 0.20/turn               p - ring of willpower

@: no status effects
A: ignite blood 1, magic regeneration
a: no special abilities


You were on level 3 of the Dungeon.
You visited 1 branch of the dungeon, and saw 3 of its levels.

You collected 88 gold pieces.

Inventory:

Hand Weapons
 c - a +0 short sword
 f - a +0 spear of venom (weapon)
Armour
 a - a +0 robe (worn)
 e - a +0 helmet (worn)
Jewellery
 k - the ring of the Mage (left hand) {Wiz Archmagi}
   (You found it on level 2 of the Dungeon)

   [ring of wizardry]

   It improves your spell success rate.
   Archmagi:  It increases the power of your magical spells.
 p - a ring of willpower (right hand)
Scrolls
 d - 8 scrolls of identify {unknown}
 g - 2 scrolls of vulnerability {unknown}
 j - a scroll of brand weapon {unknown}
 l - 2 scrolls of enchant weapon {unknown}
 m - 2 scrolls of summoning {unknown}
 n - a scroll of amnesia {unknown}
 q - a scroll of fear {unknown}
Potions
 b - a potion of magic
 h - a potion of curing {unknown}
 i - 2 potions of degeneration {unknown}
 o - a potion of invisibility {unknown}


   Skills:
 + Level 0.7 Armour
 + Level 2.1 Dodging
 + Level 2.3 Stealth
 * Level 2.5 Spellcasting
 * Level 2.1 Conjurations
 + Level 3.1 Fire Magic


You had 2 spell levels left.
You knew the following spells:

 Your Spells              Type           Power      Damage    Failure   Level
a - Foxfire               Conj/Fire      68%        2x1d7     2%          1
b - Scorch                Fire           40%        2d7       3%          2
c - Conjure Flame         Conj/Fire      17%        6-21      7%          3

Your spell library contained the following spells:

 Spells                   Type           Power      Damage    Failure   Level
 Corpse Rot               Necr/Air       6%         N/A       11%         2
 Poisonous Vapours        Pois/Air       6%         N/A       11%         2
 Sublimation of Blood     Necr           3%         N/A       11%         2
 Wereblood                Tmut           3%         N/A       11%         2
 Inner Flame              Hex/Fire       11%        N/A       11%         3
 Flame Wave               Conj/Fire      17%        2d6       22%         4
 Summon Hydra             Summ           1%         N/A       100%        7


Dungeon Overview and Level Annotations

Branches:
Dungeon (3/15)

Altars:


Innate Abilities, Weirdness & Mutations

Your demonic aura sometimes causes spilled blood to erupt in flames.
You regenerate magic rapidly.


Message History

a +0 mace; 2 stones
There is a stone staircase leading up here.
You see here a +0 ring mail.
You see here a frilled lizard skeleton.
Done exploring.
Done exploring.
Done exploring.
Done exploring.
(D) Dungeon
Where to? (Enter - D:2, ? - help)
You see here a frilled lizard skeleton.
There is an escape hatch in the ceiling here.
There is a stone staircase leading down here.
You climb downwards.
The orc shouts! x2
Found a robe.
There is a stone staircase leading up here.
There are monsters nearby!
Press: ? - help, v - describe, . - travel
Here: an orc, wielding a +1 hand axe of flaming and wearing a +0 leather armour The floor.
Casting: Foxfire (safe; 2% risk of failure)
Confirm with . or Enter, or press ? or * to list all spells.
You feel a surge of power!
Flames lash the orc wizard.
The orc wizard is moderately wounded.
The orc wizard's fire resistance burns away.
The orc wizard hits you with a +0 dagger.
The orc hits you with a +1 hand axe of flaming.
The orc burns you.
Casting: Scorch (safe; 3% risk of failure)
Confirm with . or Enter, or press ? or * to list all spells.
You feel a surge of power!
Flames lash the orc wizard.
The orc wizard is burned terribly!
You kill the orc wizard!
The orc closely misses you.
Your Conjurations skill increases to level 2!
You have reached level 4!
You feel agile.
Your demonic ancestry asserts itself...
Your blood heats up.
Are you sure you want to abandon this character and quit the game? (Confirm with "yes".)

#. #. #.
#. #.
#.##
#.)##
#@o#
##o....#
..##.#
#.# .#
.. .. #.


You could see 2 orcs.

Vanquished Creatures
  An orc wizard (D:3)
  An adder (D:2)
  A worm (D:2)
  6 ball pythons
  5 bats
  4 endoplasms
  A giant cockroach (D:1)
  A goblin (D:2)
  2 hobgoblins (D:1)
  4 jackals (D:2)
  2 quokkas
  5 frilled lizards
  5 kobolds
  2 rats (D:1)
40 creatures vanquished.

Vanquished Creatures (others)
  A kraken (D:1)
  A minotaur (D:1)
  A demonspawn (D:1)
  A draconian (D:1)
  An elf (D:1)
  2 trolls (D:1)
  4 vampires (D:1)
  2 ogres (D:1)
  A gnoll (D:1)
  An orc (D:1)
  55 foxfires
  8 tentacles (D:1)
78 creatures vanquished.

Grand Total: 118 creatures vanquished

Notes
Turn   | Place    | Note
-------+----------+-------------------------------------------
     0 | D:1      | Iscandelvey the Demonspawn Fire Elementalist began the
                  | quest for the Orb.
     0 | D:1      | Reached XP level 1. HP: 13/13 MP: 3/3
     2 | D:1      | Noticed a draconian
     2 | D:1      | Noticed a vampire
     2 | D:1      | Noticed a minotaur
     2 | D:1      | Noticed a vampire
     2 | D:1      | Noticed a demonspawn
     2 | D:1      | Noticed a vampire
     2 | D:1      | Noticed a kraken
     2 | D:1      | Noticed a vampire
     2 | D:1      | Noticed an ogre
     2 | D:1      | Noticed a troll
     2 | D:1      | Noticed a troll
     2 | D:1      | Noticed an ogre
     2 | D:1      | Noticed an elf
     2 | D:1      | Noticed a minotaur
     4 | D:1      | Killed a vampire
     5 | D:1      | Killed a troll
     6 | D:1      | Killed a vampire
     8 | D:1      | Killed a vampire
     9 | D:1      | Killed an elf
    14 | D:1      | Killed a minotaur
    15 | D:1      | Killed an ogre
    15 | D:1      | Killed a vampire
    16 | D:1      | Killed a troll
    17 | D:1      | Killed a draconian
    17 | D:1      | Killed an ogre
    18 | D:1      | Killed a demonspawn
    20 | D:1      | Killed a kraken
   541 | D:1      | Gained mutation: You regenerate magic rapidly. [demonic
                  | ancestry]
   541 | D:1      | Reached XP level 2. HP: 19/19 MP: 5/5
   608 | D:1      | Learned a level 2 spell: Scorch
  1636 | D:2      | Reached XP level 3. HP: 23/24 MP: 6/6
  1772 | D:2      | Found the ring of the Mage {Wiz Archmagi}
  1788 | D:2      | Learned a level 3 spell: Conjure Flame
  1867 | D:2      | Found a faded altar of an unknown god.
  1960 | D:2      | Reached skill level 3 in Fire Magic
  2439 | D:3      | Gained mutation: Your demonic aura sometimes causes spilled
                  | blood to erupt in flames. [demonic ancestry]
  2439 | D:3      | Reached XP level 4. HP: 23/30 MP: 2/7
  2439 | D:3      | Quit the game

Illustrated notes

Levels and vault maps discovered:
D:1:      nicolae_arrival_kraken_aquarium_b, layout_basic, dk_noncrumbling_2,
          kennysheep_boxes
D:2:      layout_loops_cross, ebering_ecumenical_altar_petrified,
          minmay_fractal_squares_5
D:3:      layout_rooms, gammafunk_ghost_nasty_kobolds, uniq_sigmund,
          uniq_natasha, uniq_robin

Skill      XL: |  1  2  3 |
---------------+----------+-----
Stealth        | 2 |  2.3
Dodging        | 2 |  2.1
Fire Magic     | 3 |  3.1
Conjurations   | 2 |  2.1
Armour         | |  0.7
Spellcasting   | |  2.5

Action                   |  1- 3 |  4- 6 || total
-------------------------+-------+-------++-------
Melee: Short sword       |    12 |       ||    12
       Spear             |    64 |       ||    64
 Cast: Foxfire           |    32 |       ||    32
       Scorch            |     5 |       ||     5
 Stab: Sleeping          |     5 |       ||     5
Armor: Robe              |    29 |       ||    29
Dodge: Dodged            |    48 |       ||    48

Table legend: (Time is in decaauts)
 A = Elapsed time spent in this place.
 B = Non-inter-level travel time spent in this place.
 C = Inter-level travel time spent in this place.
 D = Time resting spent in this place.
 E = Time spent auto-exploring this place.
 F = Levels seen in this place.
 G = Mean time per level.
                   A        B        C        D        E       F      G
               +--------+--------+--------+--------+--------+-----+--------+
         Total |   2469 |   2385 |     84 |    501 |   1490 |   3 |  823.0 |
       Dungeon |   2469 |   2385 |     84 |    501 |   1490 |   3 |  823.0 |
               +--------+--------+--------+--------+--------+-----+--------+

Top non-repeatable levels by time:
     D:1: 1561 daAuts
     D:2: 905 daAuts
     D:3: 2 daAuts
